 Dungeon Crawl Stone Soup version 0.22.1-5-g62c59d919a (webtiles) character file.

55 Forgol the Firebug (level 3, -4/26 HPs)
             Began as a Draconian Fire Elementalist on Jan 14, 2019.
             Slain by a gnoll
             ... wielding a +0 halberd
              (12 damage)
             ... on level 1 of the Dungeon.
             The game lasted 00:04:58 (1930 turns).

Forgol the Firebug (Draconian Fire Elementalist)    Turns: 1930, Time: 00:04:58

Health: -4/26      AC:  5    Str: 10    XL:     3   Next: 67%
Magic:  6/6        EV: 12    Int: 16    God:
Gold:   80         SH:  0    Dex: 11    Spells: 5/6 levels left

rFire    . . .     SeeInvis .   a - +0 short sword (venom)
rCold    . . .     Gourm    .   (no shield)
rNeg     . . .     Faith    .   (armour unavailable)
rPois    .         Spirit   .   (helmet restricted)
rElec    .         Reflect  .   (no cloak)
rCorr    .         Harm     .   (no gloves)
MR       .....                  (no boots)
Stlth    ++........             (no amulet)
HPRegen  0.08/turn              (no ring)
MPRegen  0.10/turn              (no ring)

@: no status effects
A: unfitting armour, cold-blooded, AC +5
a: no special abilities


You were on level 1 of the Dungeon.
You were not hungry.

You visited 1 branch of the dungeon, and saw 2 of its levels.

You collected 80 gold pieces.

Inventory:

Hand Weapons
 a - a +0 short sword of venom (weapon)
 i - a +1 vampiric short sword
Scrolls
 c - 4 scrolls of identify {unknown}
 g - 2 scrolls of remove curse {unknown}
 h - a scroll of enchant weapon {unknown}
 j - a scroll of blinking {unknown}
Potions
 d - a potion of agility {unknown}
 e - a potion of magic {unknown}
Comestibles
 b - 3 rations


   Skills:
 - Level 1.7 Dodging
 - Level 1.7 Stealth
 - Level 0.2 Unarmed Combat
 - Level 2.0 Spellcasting
 - Level 1.0 Conjurations
 + Level 4.6 Fire Magic


You had 5 spell levels left.
You knew the following spells:

 Your Spells              Type           Power        Failure   Level  Hunger
a - Flame Tongue          Conj/Fire      ##...        6%          1    #......

Your spell library contained the following spells:

 Spells                   Type           Power        Failure   Level  Hunger
 Throw Flame              Conj/Fire      ##....       10%         2    ###....
 Conjure Flame            Conj/Fire      ##......     19%         3    ###....
 Inner Flame              Hex/Fire       #.......     24%         3    ###....
 Sticky Flame             Conj/Fire      ##......     54%         4    #####..
 Fireball                 Conj/Fire      ##........   87%         5    ######.


Dungeon Overview and Level Annotations

Branches:
Dungeon (2/15)

Altars:


Innate Abilities, Weirdness & Mutations

Your plain brown scales are hard. (AC +5)
You cannot fit into any form of body armour.
You are cold-blooded and may be slowed by cold attacks.


Message History

HP restored.
You eat one of the 4 rations.
That ration really hit the spot!
You climb downwards.
The gnoll hits you with a halberd!
There is a stone staircase leading up here.
Casting: Flame Tongue (safe; 6% risk of failure)
Confirm with . or Enter, or press ? or * to list all spells.
Aiming: Flame Tongue (safe; 6% risk of failure)
Press: ? - help, Shift-Dir - straight line, f - gnoll
Aim: a gnoll, wielding a whip The flame tongue misses the gnoll.
The gnoll hits you with a halberd! The gnoll closely misses you.
The gnoll hits you with a halberd.
* * * LOW HITPOINT WARNING * * *
You climb upwards.
There is a stone staircase leading down here.
The gnoll misses you. The gnoll hits you with a whip.
* * * LOW HITPOINT WARNING * * *
The gnoll hits you but does no damage.
The gnoll hits you from afar with a halberd!
You die...

.........#####.##.#
#####...... ##.#.#####
#.##.### #.....#####
##.#.# #......# #.#####
.....# #####.#.# #.#
.....# #.....#.# #.#
##..## #.#####.###.#
##..# #.# ##...##.#
.#..#########.###.....#.#
.#..(......g..g.@....(..#
......####.###.##.....###
...........# #.###...##
......####.###.# ##.##
.....## #.....####.###
#.#### ###......g...# (##
##.#####.#.###### #####
#.# #.#.##...# ....# #.#
#.#.##...###


You could see 2 gnolls.

Vanquished Creatures
  2 gnolls (D:2)
  2 dart slugs (D:1)
  A leopard gecko (D:1)
  4 giant cockroaches
  5 goblins
  3 hobgoblins
  4 kobolds
  A quokka (D:2)
  3 bats
  4 rats (D:1)
29 creatures vanquished.

Notes
Turn   | Place    | Note
-------+----------+-------------------------------------------
     0 | D:1      | Forgol the Draconian Fire Elementalist began the quest for
                  | the Orb.
     0 | D:1      | Reached XP level 1. HP: 14/14 MP: 3/3
   346 | D:1      | Reached XP level 2. HP: 20/20 MP: 5/5
   569 | D:1      | You fall through a shaft!
   652 | D:2      | Reached skill level 4 in Fire Magic
  1047 | D:1      | Reached XP level 3. HP: 26/26 MP: 4/6
  1930 | D:1      | Slain by a gnoll

Skill      XL: |  1  2 |
---------------+-------+-----
Fire Magic     | 4 |  4.6
Dodging        | |  1.7
Stealth        | |  1.7
Unarmed Combat | |  0.2
Spellcasting   | |  2.0
Conjurations   | |  1.0

Action                   || total
-------------------------++-------
Melee: Unarmed           ||     9
       Tailslap          ||     8
       Short sword       ||    42
 Cast: Flame Tongue      ||    33
  Use: Potion            ||     1
 Stab: Sleeping          ||     2
  Eat: Chunk             ||     2
       Ration            ||     1
Armor: Skin              ||    22
Dodge: Dodged            ||    54
